AoeStats
← 8

Arena

510680819Analyzed
3v3 RM · 1d ago on Oct 2, 2026· 35m 19s· 6 players
Game mode
Random Map
Map size
Normal (6 player)
Population
200
Speed
Normal
Resources
Standard
Victory
Conquest
Starting age
Dark Age
Ending age
Imperial Age
RankedLock teamsTeams togetherTeam positionsShared explorationLock speedFull tech treeHidden civsTurbo modeCheats
Victory
Defeat
🇲🇽 Varangians · Mexico
1244
+12
🇬🇧 Slavs · United Kingdom
1151
+16
🇲🇽 Spanish · Mexico
1142
+17
🇺🇸 Danes · United States
1207
-17
🇺🇸 Shu · United States
1177
-16
🇮🇳 Varangians · India
1091
-12
cold killer
10:24 Feudal Age
14:42 Castle Age
12:48 Double-Bit Axe
13:21 Horse Collar
16:18 Heavy Plow
21:13 Wheelbarrow
20:26 Loom
31:59 Bow Saw
33:54 Redemption
35:10 Hand Cart
Fravo
11:11 Feudal Age
16:08 Castle Age
15:43 Double-Bit Axe
17:19 Loom
24:15 Horse Collar
26:50 Squires
27:15 Gold Mining
27:54 Gambesons
28:20 Scale Mail Armor
29:41 Arson
32:25 Wheelbarrow
33:14 Chain Mail Armor
37:10 Imperial Age
34:10 Man-at-Arms
35:10 Forging
34:47 Town Watch
35:29 Fletching
35:11 Long Swordsman
Jomaloro
9:06 Loom
10:52 Feudal Age
12:35 Loom
15:18 Castle Age
15:26 Double-Bit Axe
16:50 Bloodlines
21:46 Scale Barding Armor
31:44 Gold Mining
31:49 Stone Mining
32:50 Bow Saw
34:29 Chain Barding Armor
35:46 Forging
8
10:09 Feudal Age
14:19 Castle Age
12:25 Double-Bit Axe
16:57 Fletching
17:35 Crossbowman
20:16 Bodkin Arrow
28:36 Horse Collar
29:55 Wheelbarrow
29:09 Loom
34:14 Imperial Age
dipsh*t
10:08 Feudal Age
11:31 Loom
14:29 Castle Age
12:24 Double-Bit Axe
13:40 Horse Collar
13:54 Gold Mining
28:45 Heavy Plow
29:08 Bow Saw
30:08 Wheelbarrow
30:25 Squires
30:38 Forging
30:28 Scale Mail Armor
32:36 Arson
34:53 Iron Casting
34:33 Chain Mail Armor
35:16 Hand Cart
Ra
10:22 Feudal Age
11:26 Loom
14:17 Castle Age
12:50 Horse Collar
13:20 Double-Bit Axe
18:51 Gambesons
19:48 Scale Barding Armor
21:56 Arson
24:52 Squires
Connection lost

Rejoining the realm…

Still unreachable

The connection could not be restored.

Session expired

The server has moved on; the page needs a fresh start.